cohdb
Replays
Latest Replays
All Replays
Popular Replays
Top Player Replays
Match Explorer
How It Works
Community
CoH3 Stats
Reddit
Sign in to upload your games and track your stats! →
Sign in with Steam
Match 40035502
Unlisted
Match 40035502
Overview
Messages
Build Orders
End
Construct Barracks
Riflemen Squad
Riflemen Squad
Riflemen Squad
M1 Mortar Team
Construct Weapon Support Center
M1919 Machine Gun Team
Infantry Support Center
Construct Medical Station
M1918 Browning Automatic Rifles
Bazooka Squad
M3 Armored Personnel Carrier
Construct Motor Pool
M1 Anti-tank Gun Team
M24 Chaffee Light Tank
Engineer Squad
Selects Heavy Weapons
Selects M2HB .50cal Heavy Machine Gun
Selects Assault Carriers
Selects Halftrack Strongpoints
Riflemen Squad
Grenade Package
Riflemen Squad
M1 Anti-tank Gun Team
Selects M26 Pershing Heavy Tank
Genki
iru
0
0
Comments
sign in to comment!
No comments posted yet!